 Dungeon Sprint DCSS version 0.14-a0-1969-g2c76abe (webtiles) character file.

310 Mitsuki the Covert (level 6, -3/28 HPs)
             Began as a Spriggan Enchanter on Jan 16, 2014.
             Was a Believer of Dithmengos.
             Hit by a large rock thrown by a cyclops (16 damage)
             ... in the Dungeon (Sprint IX: "|||||||||||||||||||||||||||||").
             The game lasted 00:09:46 (504 turns).

Mitsuki the Covert (Spriggan Enchanter)              Turns: 504, Time: 00:09:47

HP  -3/28        AC  5     Str  6      XL: 6   Next: 17%
MP   6/22        EV 18     Int 20      God: Dithmengos [**....]
Gold 0           SH  0     Dex 16      Spells:  4 memorised,  7 levels left

rFire  . . .     SeeInvis +     a - +1 dagger
rCold  . . .     Clarity  .     b - +1 robe
rNeg   . . .     Conserve .     (shield restricted)
rPois  .         rCorr    .     (helmet restricted)
rElec  .         rRot     .     (no cloak)
SustAb . .       Spirit   .     (gloves unavailable)
rMut   .         Warding  .     (boots unavailable)
Saprov . . .     NoTele   +     (no amulet)
MR     +....                    p - +3 ring of intelligence
                                o - +2 ring of protection

@: mildly poisoned, wreathed by umbra, very quick, somewhat resistant to hostile
enchantments, incredibly stealthy
A: unfitting armour, see invisible, herbivore 3, speed 3, slow metabolism 2
a: Shadow Step, Renounce Religion


You were in the Dungeon.
You worshipped Dithmengos.
Dithmengos was pleased with you.
You were not hungry.

You visited 1 branch

Inventory:

Hand weapons
 a - a +1,+1 dagger (weapon)
Missiles
 d - 12 darts (quivered)
Armour
 b - a +1 robe (worn)
Magical devices
 n - a wand of cold (7)
Scrolls
 k - 2 scrolls of blinking
 l - 3 scrolls of remove curse
 m - 2 scrolls of amnesia
Jewellery
 o - a +2 ring of protection (left hand)
 p - a +3 ring of intelligence (right hand)
Potions
 e - a potion of porridge
 f - 4 potions of curing
 g - a potion of invisibility
 h - a potion of speed
 i - 4 potions of magic
 j - a potion of heal wounds
Books
 c - a book of Maledictions

   Spells                             Type                      Level
   *Corona                            Hexes                        1
   Sure Blade                         Hexes/Charms                 2
   *Ensorcelled Hibernation           Hexes/Ice                    2
   *Confuse                           Hexes                        3
   *Enslavement                       Hexes                        4
   Invisibility                       Hexes                        6


   Skills:
 + Level 2.6 Short Blades
 - Level 1.1 Throwing
 - Level 3.0 Dodging
 + Level 11.5 Stealth
 - Level 6.3 Spellcasting
 + Level 11.4 Hexes
 - Level 0.4 Ice Magic


You had 7 spell levels left.
You knew the following spells:

 Your Spells              Type           Power        Failure   Level  Hunger
a - Corona                Hex            ######.      1%          1    None
b - Ensorcelled Hibernat  Hex/Ice        ####..       1%          2    None
c - Confuse               Hex            ######..     1%          3    ##.....
d - Enslavement           Hex            ######..     1%          4    ####...


Dungeon Overview and Level Annotations

Branches:
Dungeon (1/1)

Altars:
Ashenzari
Cheibriados
Dithmengos
Elyvilon
Fedhas
Kikubaaqudgha
Makhleb
Nemelex Xobeh
Okawaru
Sif Muna
Trog
Vehumet
Xom
Yredelemnul
Zin
the Shining One


Innate Abilities, Weirdness & Mutations

You are tiny and cannot use many weapons and most armour.
You have supernaturally acute eyesight.
You are a herbivore.
You cover ground extremely quickly.
You need consume almost no food.


Message History

r - Retreat! s - Stop attacking. w - Wait here. f - Follow me.
Anything else - Stay silent.
Gang up on whom?
Press: ? - help, Dir - move target cursor, f - cyclops, p - black bear
Aim: a cyclops Attack!
The cyclops throws a large rock.
The large rock crashes through your black bear.
The large rock misses you.
Your black bear returns to your side!
Your black bear goes berserk!
The cyclops hits your black bear!
Your black bear is killed!
Dithmengos accepts your kill.
Things that are here:
an orcish leather armour; an orc corpse; a short sword; a big kobold corpse You feel sick.
There is an open door to the Dungeon here.
The cyclops throws a large rock.
The large rock crashes through you!
Ouch! That really hurt!
You die...

▓p▓
▓C▓
▓.▓
▓.▓
▓.▓
▓.▓
▓[▓
▓'▓
▓@▓
▓(▓
▓[▓
▓[▓
▓[▓
▓)▓
▓|▓
▓.▓
▓.▓


You could see a cyclops and a hungry ghost.

Vanquished Creatures
  An ugly thing (D)
  A black bear (D)
  A big kobold (D)
  A crimson imp (D)
  A scorpion (D)
  A giant mite (D)
  A worm (D)
  An adder zombie (D)
  2 orcs (D)
  2 goblins (D)
  A hobgoblin (D)
  3 kobolds (D)
  2 rats (D)
18 creatures vanquished.

Notes
Turn   | Place    | Note
--------------------------------------------------------------
     0 | D        | Mitsuki, the Spriggan Enchanter, began the quest for the Orb.
     0 | D        | Reached XP level 1. HP: 9/9 MP: 4/4
    17 | D        | Reached skill level 4 in Hexes
    34 | D        | Reached skill level 5 in Hexes
    37 | D        | Reached XP level 2. HP: 13/13 MP: 6/8
    43 | D        | Learned a level 2 spell: Ensorcelled Hibernation
    77 | D        | Noticed a crimson imp
    88 | D        | Killed a crimson imp
    88 | D        | Reached skill level 5 in Stealth
    88 | D        | Reached skill level 7 in Hexes
    88 | D        | Reached XP level 3. HP: 9/16 MP: 7/13
   217 | D        | Found a blossoming altar of Fedhas.
   217 | D        | Found a burning altar of Makhleb.
   217 | D        | Found a deep blue altar of Sif Muna.
   217 | D        | Found a bloodstained altar of Trog.
   217 | D        | Found a white marble altar of Elyvilon.
   217 | D        | Found an iron altar of Okawaru.
   217 | D        | Found a glowing golden altar of the Shining One.
   218 | D        | Found a glowing silver altar of Zin.
   219 | D        | Found a burning altar of Makhleb.
   220 | D        | Found a shattered altar of Ashenzari.
   221 | D        | Found a blossoming altar of Fedhas.
   226 | D        | Found a radiant altar of Vehumet.
   227 | D        | Found a shimmering altar of Xom.
   228 | D        | Found a sparkling altar of Nemelex Xobeh.
   229 | D        | Found a snail-covered altar of Cheibriados.
   230 | D        | Found an ancient bone altar of Kikubaaqudgha.
   231 | D        | Found a shadowy altar of Dithmengos.
   232 | D        | Found a basalt altar of Yredelemnul.
   240 | D        | Became a worshipper of Dithmengos
   272 | D        | Noticed a scorpion
   272 | D        | Noticed a big kobold
   276 | D        | Reached skill level 5 in Spellcasting
   282 | D        | Killed a big kobold
   282 | D        | Reached skill level 9 in Hexes
   282 | D        | Reached XP level 4. HP: 2/21 MP: 10/18
   290 | D        | Killed a scorpion
   290 | D        | Acquired Dithmengos' first power
   290 | D        | Reached skill level 10 in Hexes
   290 | D        | Reached XP level 5. HP: 24/24 MP: 6/20
   297 | D        | Noticed a scorpion
   297 | D        | Noticed a big kobold
   297 | D        | Noticed a hungry ghost
   297 | D        | Noticed a cyclops
   297 | D        | Noticed a black bear
   297 | D        | Noticed a green ugly thing
   476 | D        | Learned a level 3 spell: Confuse
   481 | D        | Learned a level 4 spell: Enslavement
   496 | D        | Killed a green ugly thing
   496 | D        | Reached skill level 11 in Stealth
   496 | D        | Reached XP level 6. HP: 16/28 MP: 13/22
   501 | D        | a black bear (ally) was killed
   504 | D        | Hit by a large rock thrown by a cyclops

Action                   |  1- 3 |  4- 6 || total
-------------------------+-------+-------++-------
Melee: Dagger            |    48 |    10 ||    58
 Cast: Ensorcelled Hiber |     5 |     9 ||    14
       Confuse           |       |     1 ||     1
       Enslavement       |       |     2 ||     2
  Use: Potion            |     2 |     2 ||     4
 Stab: Sleeping          |     5 |     4 ||     9
       Confused          |       |     1 ||     1
